Match 21569513
Unlisted

Match 21569513
End
Construct Infanterie Kompanie
Selects Breakthrough Battlegroup
Selects Breakthrough Battlegroup
Selects Assault Grenadiers
Kettenkrad Recon Vehicle
Grenadier Squad
Grenadier Squad
Grenadier Squad
Infanterie Officer Quarters
MG 42 Machine Gun Team
Selects Rapid Production
Construct Panzergrenadier Kompanie
Selects Breakthrough
Grenadier Squad
Grenadier Squad
Support Elements
Nebelwerfer 42 Rocket Launcher Team
Selects Incendiary Bombing Run
Pak 40 Anti-tank Gun Team
StuG III G Assault Gun
【嗜血狼族】灵狐魅儿
想个名字真难
Big-BOOM777
ToxicCheeseMan
dinah2594
(かわいいは正義)Reirisu
asdqwe
皮皮
0
0

Comments sign in to comment!

No comments posted yet!